 Dungeon Crawl Stone Soup version 0.30-a0-272-gf98c3da03f (webtiles) character file.

Game seed: 16791422825488457053

35 purpskrrrp the Ruffian (level 3, 0/23 HPs)
             Began as a Gargoyle Fighter on Oct 15, 2022.
             Was a Believer of Lugonu.
             Splashed by a jelly's acid (3 damage)
             ... on level 2 of the Dungeon.
             The game lasted 00:02:37 (1293 turns).

purpskrrrp the Ruffian (Gargoyle Fighter)           Turns: 1293, Time: 00:02:38

Health: 0/23       AC:  3    Str: 21    XL:     3   Next: 33%
Magic:  3/3        EV:  9    Int: 12    God:    Lugonu [**....]
Gold:   115        SH:  4    Dex:  9    Spells: 2/2 levels left

rFire   . . .      SeeInvis .      - Unarmed
rCold   . . .      Faith    .    b - +0 buckler
rNeg    + . .      Spirit   .    i - +1 scale mail "Hyron" {Int+4}
rPois   ∞          Reflect  .    (no helmet)
rElec   +          Harm     .    (no cloak)
rCorr   .          Rampage  .    (no gloves)
Will    .....                    (no boots)
Stlth   ..........               (no amulet)
HPRegen 0.23/turn                (no ring)
MPRegen 0.08/turn                (no ring)

@: corroded
A: sickness immunity, AC +3, negative energy resistance 1, electricity
resistance, torment resistance 1, petrification resistance
a: Renounce Religion, Depart the Abyss, Bend Space


You were on level 2 of the Dungeon.
You worshipped Lugonu.
Lugonu was pleased with you.
You visited 1 branch of the dungeon, and saw 2 of its levels.

You collected 115 gold pieces.

Inventory:

Armour
 a - a +0 scale mail
 b - a +0 buckler (worn)
 i - the +1 scale mail "Hyron" (worn) {Int+4}
   (You found it on level 2 of the Dungeon)

   Int:       It affects your intelligence (+4).
Scrolls
 e - a scroll of immolation {unknown}
 f - a scroll of amnesia {unknown}
 h - a scroll of identify {unknown}
 j - 2 scrolls of torment {unknown}
Potions
 c - a potion of curing {unknown}
 d - a potion of resistance {unknown}
 g - a potion of invisibility {unknown}


   Skills:
 + Level 3.4 Fighting
 - Level 3.2 Armour
 - Level 3.2 Shields
 + Level 3.5 Unarmed Combat


You had 2 spell levels left.
You didn't know any spells.
Your spell library contained the following spells:

 Spells                   Type           Power      Damage    Failure   Level
 Kiss of Death            Conj/Necr      0%         2d5       75%         1
 Confusing Touch          Hex            0%         N/A       98%         3
 Ozocubu's Armour         Ice            0%         N/A       98%         3
 Dispel Undead            Necr           0%         3d6       100%        4
 Ozocubu's Refrigeration  Ice            0%         4d7       100%        7


Dungeon Overview and Level Annotations

Branches:
Dungeon (2/15)

Altars:
Lugonu


Innate Abilities, Weirdness & Mutations

You are immune to sickness and miasma.
Your stone body is resilient. (AC +3)
You are immune to poison.
You resist negative energy. (rN+)
You are resistant to electric shocks. (rElec)
You are resistant to unholy torment.
You are immune to petrification.


Message History

The jelly hits you but does no damage.
You hit the jelly.
Your hands burn!
The jelly is severely wounded.
The jelly hits you but does no damage.
You hit the jelly but do no damage.
Your hands burn!
The jelly is severely wounded.
You block the jelly's attack.
You completely miss the jelly.
The jelly is severely wounded.
The jelly hits you but does no damage.
You hit the jelly but do no damage.
Your hands burn!
The jelly is severely wounded.
The jelly barely misses you.
You are too injured to fight recklessly!
You are too injured to fight recklessly!
You are too injured to fight recklessly!
You are too injured to fight recklessly!
You are too injured to fight recklessly!
You are too injured to fight recklessly!
You are too injured to fight recklessly!
You are too injured to fight recklessly!
You are too injured to fight recklessly!
You are too injured to fight recklessly!
You are too injured to fight recklessly!
You are too injured to fight recklessly!
You are too injured to fight recklessly!
You are too injured to fight recklessly!
You are too injured to fight recklessly!
You are too injured to fight recklessly!
You are too injured to fight recklessly!
You hit the jelly. The acid corrodes you!
Your hands burn!
* * * LOW HITPOINT WARNING * * *
The jelly is severely wounded.
The jelly closely misses you.
You hit the jelly but do no damage.
Your hands burn!
* * * LOW HITPOINT WARNING * * *
The jelly is severely wounded.
You block the jelly's attack.
You hit the jelly.
Your hands burn!
You die...

#### ##### #.. ..#
..... #.. ..#
....###.#...###########
..# [.
......................#
..###. ..
...#.###.###.#######
.....# . .....###.# #.#
.....# .####.##.# #.#
.....# #....###.#
.....###### ##........#


You could see a jelly.

Vanquished Creatures
  4 ball pythons
  2 endoplasms (D:2)
  2 goblins (D:1)
  3 hobgoblins (D:1)
  2 jackals (D:1)
  2 quokkas
  9 bats
  A frilled lizard (D:1)
  5 kobolds
  3 rats (D:1)
33 creatures vanquished.

Vanquished Creatures (others)
  2 demonspawn (D:1)
  A gargoyle (D:1)
  A vine stalker (D:1)
  An elf (D:1)
  A formicid (D:1)
  2 vampires (D:1)
  A naga (D:1)
  A demigod (D:1)
  2 mummies (D:1)
  A gnoll (D:1)
  An orc (D:1)
  A kobold (D:1)
  5 tentacles (D:1)
20 creatures vanquished.

Grand Total: 53 creatures vanquished

Notes
Turn   | Place    | Note
-------+----------+-------------------------------------------
     0 | D:1      | purpskrrrp the Gargoyle Fighter began the quest for the
                  | Orb.
     0 | D:1      | Reached XP level 1. HP: 14/14 MP: 1/1
     2 | D:1      | Noticed a vampire
     2 | D:1      | Noticed a demonspawn
     2 | D:1      | Noticed a gargoyle
     2 | D:1      | Noticed a demigod
     2 | D:1      | Noticed a demonspawn
     2 | D:1      | Noticed a kraken
     2 | D:1      | Noticed an elf
     2 | D:1      | Noticed a naga
     2 | D:1      | Noticed a formicid
     2 | D:1      | Noticed a vine stalker
     2 | D:1      | Noticed a vampire
     4 | D:1      | Killed a vine stalker
     6 | D:1      | Killed a vampire
     6 | D:1      | Killed a vampire
     7 | D:1      | Killed a formicid
     8 | D:1      | Killed a demonspawn
     8 | D:1      | Killed a naga
    11 | D:1      | Killed an elf
    13 | D:1      | Killed a demonspawn
    15 | D:1      | Killed a gargoyle
    15 | D:1      | Killed a demigod
    38 | D:1      | Reached XP level 2. HP: 7/19 MP: 2/2
   651 | D:1      | Reached XP level 3. HP: 22/23 MP: 3/3
   757 | D:1      | Found a faded altar of an unknown god.
  1029 | D:1      | Prayed at the altar of an unknown god.
  1029 | D:1      | Became a worshipper of Lugonu the Unformed
  1029 | D:1      | Reached * piety under Lugonu
  1029 | D:1      | Reached ** piety under Lugonu
  1132 | D:2      | Identified the +1 scale mail "Hyron" {Int+4}
  1293 | D:2      | Splashed by a jelly's acid

Illustrated notes

Levels and vault maps discovered:
D:1:      nicolae_arrival_kraken_aquarium_b, layout_basic,
          hellmonk_ecumenical_altar_leap_of_faith,
          chequers_serial_rivers_large_a
D:2:      layout_basic

Skill      XL: |  1  2 |
---------------+-------+-----
Unarmed Combat | 3 |  3.5
Fighting       | |  3.4
Armour         | |  3.2
Shields        | |  3.2

Action                   || total
-------------------------++-------
Melee: Unarmed           ||   152
  Use: Potion            ||     1
Armor: Scale mail        ||   116
Dodge: Dodged            ||    86
Block: Buckler           ||    42

Table legend: (Time is in decaauts)
 A = Elapsed time spent in this place.
 B = Non-inter-level travel time spent in this place.
 C = Inter-level travel time spent in this place.
 D = Time resting spent in this place.
 E = Time spent auto-exploring this place.
 F = Levels seen in this place.
 G = Mean time per level.
                   A        B        C        D        E       F      G
               +--------+--------+--------+--------+--------+-----+--------+
         Total |   1299 |   1243 |     56 |      0 |    934 |   2 |  649.5 |
       Dungeon |   1299 |   1243 |     56 |      0 |    934 |   2 |  649.5 |
               +--------+--------+--------+--------+--------+-----+--------+

Top non-repeatable levels by time:
     D:1: 1052 daAuts
     D:2: 247 daAuts
